NWL
HILLSBORO HOPS @ MILWAUKEE (SS-A) BREWERS
07/21/2099
 
TOP OF THE 1ST
Hillsboro Hops batting - Pitching for Milwaukee (SS-A) Brewers : RHP Mike Clark
Pitching: RHP Mike Clark
Batting: LHB Jeff Wells 0-0: Foul Ball, location: 7LMF
0-1: SINGLE (Groundball, 56D, EV 100.0 MPH) (infield hit)
Batting: RHB Carlos Baltazar 0-0: Ball
1-0: Fly out, F4 (Line Drive, 4M, EV 71.9 MPH)
Batting: RHB Dave Ruholl 0-0: Ball
1-0: Ball
2-0: Ball
3-0: Base on Balls
Jeff Wells to second
Batting: SHB Danny Mauricio 0-0: Foul Ball, location: 2F
0-1: SINGLE (Line Drive, 9S, EV 89.4 MPH)
Jeff Wells to third
Dave Ruholl to second
Batting: RHB Jesus Sanchez 0-0: Swinging Strike
0-1: Ball
1-1: Fly out, F7 (Flyball, 78M, EV 80.0 MPH)
Runner from 3rd tags up, SCORES, no throw by LF
Batting: RHB Jim Unknown 0-0: Called Strike
0-1: Ball
1-1: Foul Ball, location: 2F
1-2: Ball
2-2: 3-RUN HOME RUN (Flyball, 7D, EV 101.3 MPH), Distance : 399 ft
Batting: LHB Jim Unknown 0-0: Ball
1-0: Swinging Strike
1-1: Swinging Strike
1-2: SINGLE (Line Drive, 78S, EV 103.8 MPH)
Batting: LHB Tomas Rodriquez 0-0: Ball
1-0: Ball
2-0: Foul Ball, location: 2F
2-1: Called Strike
2-2: Ball
3-2: Ground out 5-3 (Groundball, 56, EV 98.8 MPH)
Top of the 1st over - 4 runs, 4 hits, 0 errors, 1 left on base; Hillsboro 4 - Milwaukee (SS-A) 0
BOTTOM OF THE 1ST
Milwaukee (SS-A) Brewers batting - Pitching for Hillsboro Hops : RHP Travis Gilliam
Pitching: RHP Travis Gilliam
Batting: LHB Bill Kruzich 0-0: Ball
1-0: Called Strike
1-1: Ball
2-1: SINGLE (Line Drive, 34, EV 103.8 MPH)
Batting: RHB Aarnoud Schreuder 0-0: Foul Ball, location: 2F
0-1: Ball
Bill Kruzich steals 2nd base
1-1: Called Strike
1-2: Foul Ball, location: 23FF
1-2: Foul Ball, location: 5FF
1-2: Strikes out swinging
Batting: LHB Dimacali Martinez 0-0: Ball
1-0: Foul Ball, location: 7LDF
1-1: Foul Ball, location: 3SF
1-2: Foul Ball, location: 2F
1-2: Ground out 5-3 (Groundball, 56, EV 86.3 MPH)
Bill Kruzich to third
Batting: LHB Jason Nider 0-0: Ball
1-0: Ball
2-0: Foul Ball, location: 2F
2-1: Foul Ball, location: 5SF
2-2: Foul Ball, location: 3F
2-2: Foul Ball, location: 2F
2-2: Ball
3-2: Ground out 6-3 (Groundball, 6M, EV 86.3 MPH)
Bottom of the 1st over - 0 runs, 1 hit, 0 errors, 1 left on base; Hillsboro 4 - Milwaukee (SS-A) 0
TOP OF THE 2ND
Hillsboro Hops batting - Pitching for Milwaukee (SS-A) Brewers : RHP Mike Clark
Batting: RHB Jim Unknown 0-0: Foul Ball, location: 5F
0-1: Ball
1-1: Called Strike
1-2: Strikes out swinging
Batting: LHB Jeff Wells 0-0: Ball
1-0: Fly out, F9 (Flyball, 9, EV 91.9 MPH)
Batting: RHB Carlos Baltazar 0-0: Called Strike
0-1: Foul Ball, location: 9LDF
0-2: Strikes out swinging
Top of the 2nd over - 0 runs, 0 hits, 0 errors, 0 left on base; Hillsboro 4 - Milwaukee (SS-A) 0
BOTTOM OF THE 2ND
Milwaukee (SS-A) Brewers batting - Pitching for Hillsboro Hops : RHP Travis Gilliam
Batting: RHB Jason Harris 0-0: Foul Ball, location: 2F
0-1: Called Strike
0-2: Ball
1-2: Foul Ball, location: 2F
1-2: Ball
2-2: Ball
3-2: Ground out 5-3 (Groundball, 56, EV 91.9 MPH)
Batting: LHB Pat Brunetti 0-0: Foul Ball, location: 2F
0-1: Ball
1-1: Fly out, F5 (Popup, 56S, EV 66.9 MPH)
Batting: RHB David Minnis 0-0: Ball
1-0: Called Strike
1-1: Foul Ball, location: 2LF
1-2: Ground out U3 (Groundball, 34S, EV 81.9 MPH)
Bottom of the 2nd over - 0 runs, 0 hits, 0 errors, 0 left on base; Hillsboro 4 - Milwaukee (SS-A) 0
TOP OF THE 3RD
Hillsboro Hops batting - Pitching for Milwaukee (SS-A) Brewers : RHP Mike Clark
Batting: RHB Dave Ruholl 0-0: Ball
1-0: Ball
2-0: Ball
3-0: Called Strike
3-1: Ground out 6-3 (Groundball, 6S, EV 88.1 MPH)
Batting: SHB Danny Mauricio 0-0: Foul Ball, location: 3FF
0-1: Ball
1-1: Ball
2-1: Ball
3-1: Base on Balls
Batting: RHB Jesus Sanchez 0-0: Called Strike
0-1: Ball
1-1: SINGLE (Groundball, 4MD, EV 97.5 MPH)
Danny Mauricio to second
Batting: RHB Jim Unknown 0-0: Called Strike
0-1: Foul Ball, location: 9LSF
0-2: Strikes out swinging
Batting: LHB Jim Unknown 0-0: Ball
1-0: Foul Ball, location: 9LMFF
1-1: Ball
2-1: SINGLE (Flyball, 34D, EV 95.0 MPH)
Danny Mauricio to third
Jesus Sanchez to second
Runner from 3rd tries for Home, SAFE, throw by RF to home
Jesus Sanchez to third
Jim Unknown to second
Batting: LHB Tomas Rodriquez 0-0: Foul Ball, location: 2F
0-1: Swinging Strike
0-2: Ball
1-2: Ball
2-2: Foul Ball, location: 5F
2-2: Strikes out looking
Top of the 3rd over - 1 run, 2 hits, 0 errors, 2 left on base; Hillsboro 5 - Milwaukee (SS-A) 0
BOTTOM OF THE 3RD
Milwaukee (SS-A) Brewers batting - Pitching for Hillsboro Hops : RHP Travis Gilliam
Batting: RHB Zach Ward 0-0: Ball
1-0: Foul Ball, location: 2RF
1-1: Swinging Strike
1-2: Ball
2-2: Strikes out looking
Batting: RHB Chris Bowling 0-0: Ball
1-0: Ground out 4-3 (Groundball, 34, EV 77.5 MPH)
Batting: LHB Bill Kruzich 0-0: Called Strike
0-1: Ground out 4-3 (Groundball, 4, EV 77.5 MPH)
Bottom of the 3rd over - 0 runs, 0 hits, 0 errors, 0 left on base; Hillsboro 5 - Milwaukee (SS-A) 0
TOP OF THE 4TH
Hillsboro Hops batting - Pitching for Milwaukee (SS-A) Brewers : RHP Mike Clark
Batting: RHB Jim Unknown 0-0: Called Strike
0-1: Foul Ball, location: 2F
0-2: Ball
1-2: Fly out, F3 (Popup, 3SF, EV 73.1 MPH)
Batting: LHB Jeff Wells 0-0: Called Strike
0-1: Foul Ball, location: 2F
0-2: Foul Ball, location: 2F
0-2: Ball
1-2: Ball
2-2: Strikes out looking
Batting: RHB Carlos Baltazar 0-0: Ball
1-0: Foul Ball, location: 2F
1-1: Ball
2-1: Ball
3-1: Foul Ball, location: 9LDF
3-2: SINGLE (Line Drive, 6D, EV 98.1 MPH)
Batting: RHB Dave Ruholl 0-0: Called Strike
0-1: Foul Ball, location: 9LMFF
0-2: Ball
1-2: Foul Ball, location: 23F
1-2: Ball
2-2: DOUBLE (Flyball, 89XD, EV 106.9 MPH)
Carlos Baltazar to third
Runner from 3rd tries for Home, SAFE, throw by CF to trailing runner, OUT at third! 8-3-5
Top of the 4th over - 1 run, 2 hits, 0 errors, 0 left on base; Hillsboro 6 - Milwaukee (SS-A) 0
BOTTOM OF THE 4TH
Milwaukee (SS-A) Brewers batting - Pitching for Hillsboro Hops : RHP Travis Gilliam
Batting: RHB Aarnoud Schreuder 0-0: SINGLE (Line Drive, 9LM, EV 101.9 MPH)
Batting: LHB Dimacali Martinez 0-0: Foul Ball, location: 3SF
0-1: 2-RUN HOME RUN (Flyball, 9LD, EV 93.8 MPH), Distance : 357 ft
Batting: LHB Jason Nider 0-0: Called Strike
0-1: Ball
1-1: Foul Ball, location: 2LF
1-2: Foul Ball, location: 5SF
1-2: Strikes out looking
Batting: RHB Jason Harris 0-0: Called Strike
0-1: Called Strike
0-2: Strikes out swinging
Batting: LHB Pat Brunetti 0-0: Ball
1-0: SINGLE (Line Drive, 8RS, EV 106.3 MPH)
Batting: RHB David Minnis 0-0: Ball
1-0: Ball
2-0: Ball
3-0: Called Strike
3-1: Swinging Strike
3-2: Strikes out swinging
Bottom of the 4th over - 2 runs, 3 hits, 0 errors, 1 left on base; Hillsboro 6 - Milwaukee (SS-A) 2
TOP OF THE 5TH
Hillsboro Hops batting - Pitching for Milwaukee (SS-A) Brewers : RHP Mike Clark
Pitching: RHP Lorenzo Parra
Batting: SHB Danny Mauricio 0-0: Ball
1-0: Called Strike
1-1: Called Strike
1-2: Ball
2-2: Ball
3-2: Strikes out swinging
Batting: RHB Jesus Sanchez 0-0: Ball
1-0: Foul Ball, location: 2F
1-1: Ball
2-1: Foul Ball, location: 2F
2-2: Ball
3-2: Strikes out looking
Batting: RHB Jim Unknown 0-0: Called Strike
0-1: Ball
1-1: Fly out, F8 (Flyball, 8RM, EV 89.4 MPH)
Top of the 5th over - 0 runs, 0 hits, 0 errors, 0 left on base; Hillsboro 6 - Milwaukee (SS-A) 2
BOTTOM OF THE 5TH
Milwaukee (SS-A) Brewers batting - Pitching for Hillsboro Hops : RHP Travis Gilliam
Batting: RHB Zach Ward 0-0: Called Strike
0-1: Ground out 4-3 (Groundball, 13, EV 87.5 MPH)
Batting: RHB Chris Bowling 0-0: Ball
1-0: Called Strike
1-1: Fly out, F8 (Flyball, 78D, EV 106.3 MPH)
Batting: LHB Bill Kruzich 0-0: Swinging Strike
0-1: Foul Ball, location: 23F
0-2: Strikes out looking
Bottom of the 5th over - 0 runs, 0 hits, 0 errors, 0 left on base; Hillsboro 6 - Milwaukee (SS-A) 2
TOP OF THE 6TH
Hillsboro Hops batting - Pitching for Milwaukee (SS-A) Brewers : RHP Lorenzo Parra
Batting: LHB Jim Unknown 0-0: Called Strike
0-1: Foul Ball, location: 2F
0-2: Strikes out looking
Batting: LHB Tomas Rodriquez 0-0: SINGLE (Groundball, 56D, EV 100.6 MPH)
Batting: RHB Jim Unknown 0-0: Swinging Strike
0-1: Foul Ball, location: 3F
0-2: Strikes out swinging
Batting: LHB Jeff Wells 0-0: Ball
1-0: Ground out 4-3 (Groundball, 34, EV 89.4 MPH)
Top of the 6th over - 0 runs, 1 hit, 0 errors, 1 left on base; Hillsboro 6 - Milwaukee (SS-A) 2
BOTTOM OF THE 6TH
Milwaukee (SS-A) Brewers batting - Pitching for Hillsboro Hops : RHP Travis Gilliam
Batting: RHB Aarnoud Schreuder 0-0: Ball
1-0: Hit by Pitch
Batting: LHB Dimacali Martinez 0-0: Ball
1-0: Foul Ball, location: 3FF
1-1: Ball
2-1: Ball
3-1: 2-RUN HOME RUN (Flyball, 78XD, EV 110.6 MPH), Distance : 444 ft
Batting: LHB Jason Nider 0-0: Foul Ball, location: 23F
0-1: Ball
1-1: Ball
2-1: SINGLE (Line Drive, 6D, EV 103.8 MPH)
Batting: RHB Jason Harris 0-0: Ball
1-0: Ball
2-0: Ball
3-0: Called Strike
3-1: Grounds into double play, 3-6-3 (Groundball, 3, EV 86.9 MPH)
Batting: LHB Pat Brunetti 0-0: Ball
1-0: Foul Ball, location: 3DF
1-1: Called Strike
1-2: Foul Ball, location: 9LDF
1-2: Ball
2-2: Ball
3-2: Foul Ball, location: 9LMF
3-2: Foul Ball, location: 23FF
3-2: Foul Ball, location: 9LDF
3-2: Base on Balls
Pitching: RHP Alex Gonzales
Batting: RHB David Minnis 0-0: Fielders Choice at 2nd, 6-4 (Groundball, 6, EV 84.4 MPH)
Bottom of the 6th over - 2 runs, 2 hits, 0 errors, 1 left on base; Hillsboro 6 - Milwaukee (SS-A) 4
TOP OF THE 7TH
Hillsboro Hops batting - Pitching for Milwaukee (SS-A) Brewers : RHP Lorenzo Parra
Batting: RHB Carlos Baltazar 0-0: Called Strike
0-1: Ball
1-1: Foul Ball, location: 2F
1-2: Strikes out looking
Batting: RHB Dave Ruholl 0-0: Called Strike
0-1: Foul Ball, location: 2F
0-2: Strikes out swinging
Batting: SHB Danny Mauricio 0-0: Ball
1-0: Ball
2-0: Called Strike
2-1: Called Strike
2-2: Strikes out swinging
Top of the 7th over - 0 runs, 0 hits, 0 errors, 0 left on base; Hillsboro 6 - Milwaukee (SS-A) 4
BOTTOM OF THE 7TH
Milwaukee (SS-A) Brewers batting - Pitching for Hillsboro Hops : RHP Alex Gonzales
Batting: RHB Zach Ward 0-0: Ball
1-0: Ball
2-0: Ball
3-0: Called Strike
3-1: Fly out, F7 (Flyball, 78M, EV 93.8 MPH)
Batting: RHB Chris Bowling 0-0: Ball
1-0: Foul Ball, location: 3F
1-1: Ball
2-1: Ball
3-1: Base on Balls
Batting: LHB Bill Kruzich 0-0: Ball
1-0: Foul Ball, location: 7LMF
1-1: Hit by Pitch
Chris Bowling to second
Pinch Hitting: LHB Jim Musser 0-0: Swinging Strike
0-1: Swinging Strike
0-2: Foul Ball, location: 7LSF
0-2: Ground out 6-3 (Groundball, 6M, EV 104.4 MPH)
Chris Bowling to third
Bill Kruzich to second
Batting: LHB Dimacali Martinez 0-0: Ground out 4-3 (Groundball, 34, EV 87.5 MPH)
Bottom of the 7th over - 0 runs, 0 hits, 0 errors, 2 left on base; Hillsboro 6 - Milwaukee (SS-A) 4
TOP OF THE 8TH
Hillsboro Hops batting - Pitching for Milwaukee (SS-A) Brewers : RHP Lorenzo Parra
Pitching: LHP Nick Cordova
Now at 1B: Jim Musser
Now in CF: Bill Kruzich
Batting: RHB Jesus Sanchez 0-0: Called Strike
0-1: Swinging Strike
0-2: Foul Ball, location: 3F
0-2: Ball
1-2: Ball
2-2: Foul Ball, location: 5FF
2-2: Ball
3-2: Foul Ball, location: 9LDF
3-2: Strikes out swinging
Batting: RHB Jim Unknown 0-0: Called Strike
0-1: Ball
1-1: Ground out 6-3 (Groundball, 6, EV 108.8 MPH)
Batting: LHB Jim Unknown 0-0: Swinging Strike
0-1: Foul Ball, location: 2F
0-2: Ball
1-2: Strikes out looking
Top of the 8th over - 0 runs, 0 hits, 0 errors, 0 left on base; Hillsboro 6 - Milwaukee (SS-A) 4
BOTTOM OF THE 8TH
Milwaukee (SS-A) Brewers batting - Pitching for Hillsboro Hops : RHP Alex Gonzales
Batting: LHB Jason Nider 0-0: Ball
1-0: Ground out 4-3 (Groundball, 4, EV 86.9 MPH)
Batting: RHB Jason Harris 0-0: Ball
1-0: Ball
2-0: Ball
3-0: Base on Balls
Batting: LHB Pat Brunetti 0-0: SINGLE (Groundball, 4S, EV 66.3 MPH) (infield hit)
Jason Harris to second
Pinch Hitting: RHB Pat Higham 0-0: Swinging Strike
0-1: SINGLE (Line Drive, 6MD, EV 98.1 MPH)
Jason Harris to third
Pat Brunetti to second
Batting: RHB Zach Ward 0-0: Foul Ball, location: 5F
0-1: Ball
1-1: Ball
2-1: Foul Ball, location: 9LMF
2-2: Ball
3-2: Foul Ball, location: 25F
3-2: Foul Ball, location: 5F
3-2: Fly out, F8 (Flyball, 8LD, EV 105.0 MPH)
Runner from 3rd tags up, OUT at HOME! 8-2
Bottom of the 8th over - 0 runs, 2 hits, 0 errors, 2 left on base; Hillsboro 6 - Milwaukee (SS-A) 4
TOP OF THE 9TH
Hillsboro Hops batting - Pitching for Milwaukee (SS-A) Brewers : LHP Nick Cordova
Now at 3B: Pat Higham
Now at SS: Jason Harris
Pinch Hitting: SHB Jeremy Davis 0-0: Called Strike
0-1: Foul Ball, location: 23F
0-2: Ball
1-2: Strikes out swinging
Batting: RHB Jim Unknown 0-0: Called Strike
0-1: Ball
1-1: Swinging Strike
1-2: Fly out, F7 (Flyball, 7S, EV 92.5 MPH)
Batting: LHB Jeff Wells 0-0: Called Strike
0-1: Called Strike
0-2: Ball
1-2: Ground out 4-3 (Groundball, 4, EV 85.0 MPH)
Top of the 9th over - 0 runs, 0 hits, 0 errors, 0 left on base; Hillsboro 6 - Milwaukee (SS-A) 4
BOTTOM OF THE 9TH
Milwaukee (SS-A) Brewers batting - Pitching for Hillsboro Hops : RHP Alex Gonzales
Pitching: RHP Jim Unknown
Now in LF: Jim Unknown
Now in RF: Jim Unknown
Batting: RHB Chris Bowling 0-0: Called Strike
0-1: Fly out, F9 (Flyball, 9, EV 80.6 MPH)
Batting: LHB Bill Kruzich 0-0: Foul Ball, location: 9LDF
0-1: Called Strike
0-2: Ball
1-2: Ball
2-2: Foul Ball, location: 2F
2-2: Ground out 6-3 (Groundball, 6, EV 88.8 MPH)
Batting: LHB Jim Musser 0-0: Ground out 5-3 (Groundball, 15, EV 83.8 MPH)
Bottom of the 9th over - 0 runs, 0 hits, 0 errors, 0 left on base; Hillsboro 6 - Milwaukee (SS-A) 4
Sunday, May 12th , 2024 - OOTP Baseball 24.11 Build 85